 Dungeon Crawl Stone Soup version 0.28.0-53-g5a82cb258f (webtiles) character file.

Game seed: 6308746782759651738

1143 LustLizard the Chiller (level 8, -9/63 HPs)
             Began as a Black Draconian Ice Elementalist on Aug 11, 2022.
             Was an Initiate of Makhleb.
             Mangled by an orc warrior
             ... wielding a +0 long sword
              (13 damage)
             ... on level 6 of the Dungeon.
             The game lasted 00:18:37 (7064 turns).

LustLizard the Chiller (DrIE)                       Turns: 7064, Time: 00:18:38

Health: -9/63      AC: 16    Str: 10    XL:     8   Next: 15%
Magic:  7/13       EV: 12    Int: 17    God:    Makhleb [......]
Gold:   275        SH:  0    Dex: 13    Spells: 7/14 levels left

rFire   . . .      SeeInvis .   D - +6 flail "Goblinslayer" {vorpal, rC+ Stlth+}
rCold   + . .      Faith    .   (no shield)
rNeg    . . .      Spirit   .   (armour unavailable)
rPois   .          Reflect  .   (helmet restricted)
rElec   +          Harm     .   C - +1 cloak {Stlth+}
rCorr   .          Rampage  .   v - +1 pair of gloves
Will    .....                   (no boots)
Stlth   ++++......              (no amulet)
HPRegen 0.20/turn               (no ring)
MPRegen 0.13/turn               (no ring)

@: ice-armoured, freezing walls
A: breathe lightning, AC +6, unfitting armour, electricity resistance,
cold-blooded
a: Breathe Lightning, Renounce Religion


You were on level 6 of the Dungeon.
You worshipped Makhleb.
Makhleb was noncommittal.
You visited 2 branches of the dungeon, and saw 7 of its levels.

You collected 275 gold pieces.

Inventory:

Hand Weapons
 i - a +0 short sword
 q - a +0 hunting sling
 D - the +6 flail "Goblinslayer" (weapon) {vorpal, rC+ Stlth+}
   (You found it on level 4 of the Dungeon)

   It inflicts extra damage upon your enemies.
   rC:        It protects you from cold.
   Stlth:     It makes you more stealthy.
Missiles
 c - 250 stones (quivered)
 h - 3 throwing nets
 r - 62 sling bullets
 t - 3 poisoned darts
Armour
 g - a +0 cloak
 v - a +1 pair of gloves (worn)
 C - a +1 cloak of stealth (worn)
Wands
 n - a wand of iceblast (6)
 E - a wand of paralysis (8)
Scrolls
 a - 2 scrolls of enchant weapon {unknown}
 b - a scroll of fear {unknown}
 d - a scroll of magic mapping {unknown}
 j - 2 scrolls of enchant armour {unknown}
 k - 2 scrolls of fog {unknown}
 m - a scroll of blinking {unknown}
 o - 2 scrolls of identify {unknown}
 s - a scroll of immolation {unknown}
 w - a scroll of teleportation {unknown}
 y - a scroll of summoning {unknown}
 B - a scroll of noise {unknown}
 F - a scroll of vulnerability {unknown}
Potions
 e - a potion of mutation {unknown}
 f - 2 potions of flight {unknown}
 l - 4 potions of curing
 p - 2 potions of invisibility {unknown}
 u - a potion of heal wounds {unknown}
 x - a potion of lignification {unknown}
 z - 2 potions of haste {unknown}
 A - a potion of degeneration {unknown}


   Skills:
 + Level 3.2 Fighting
 * Level 1.6 Maces & Flails
 - Level 2.9 Slings
 - Level 1.7 Dodging
 - Level 4.0 Stealth
 + Level 3.5 Spellcasting
 * Level 6.2 Ice Magic
 * Level 4.1 Evocations


You had 7 spell levels left.
You knew the following spells:

 Your Spells              Type           Power      Damage    Failure   Level
a - Freeze                Ice            96%        1d11      1%          1
b - Frozen Ramparts       Ice            48%        1d6       3%          3
c - Ozocubu's Armour      Ice            24%        N/A       3%          3

Your spell library contained the following spells:

 Spells                   Type           Power      Damage    Failure   Level
 Animate Skeleton         Necr           6%         N/A       17%         1
 Pain                     Necr           12%        1d4       17%         1
 Hailstorm                Conj/Ice       13%        3d5       41%         4
 Vampiric Draining        Necr           3%         2d6       45%         3


Dungeon Overview and Level Annotations

Branches:
Dungeon (6/15)             Temple (1/1) D:5

Altars:
Cheibriados
Dithmenos
Elyvilon
Fedhas
Gozag
Kikubaaqudgha
Makhleb
Nemelex Xobeh
Qazlal
Sif Muna
Uskayaw
Vehumet
Xom
The Shining One

Shops:
D:4 (


Innate Abilities, Weirdness & Mutations

You can breathe wild blasts of lightning.
Your glossy black scales are hard. (AC +6)
You cannot fit into any form of body armour.
You are resistant to electric shocks. (rElec)
You are cold-blooded and may be slowed by cold attacks.


Message History

The orc wizard misses you.
You hit the orc wizard.
You kill the orc wizard!
Makhleb accepts your kill. The orc warrior misses you.
The orc warrior hits you with a +0 long sword.
* * * LOW HITPOINT WARNING * * *
You see here a +0 hand axe.
The orc warrior closely misses you.
The orc warrior hits you with a +0 long sword!
* * * LOW HITPOINT WARNING * * *
There is an open door here.
There is an open door here.
There is an open door here.
You have got your breath back.
The orc warrior closely misses you.
Okay, then.
Casting: Freeze (safe; 1% risk of failure)
Confirm with . or Enter, or press ? or * to list all spells.
A film of ice covers your body! The orc warrior misses you.
Okay, then.
Casting: Ozocubu's Armour (dangerous; 3% risk of failure)
Confirm with . or Enter, or press ? or * to list all spells.
Casting: Frozen Ramparts (dangerous; 3% risk of failure)
Press: ? - help, Dir - look around, f - activate The walls around you are covered in ice.
The wall freezes the orc warrior.
The orc warrior closely misses you.
You closely miss the orc warrior.
The orc warrior is lightly wounded.
The wall freezes the orc warrior!
The orc warrior hits you with a +0 long sword!
* * * LOW HITPOINT WARNING * * *
You hit the orc warrior but do no damage.
The orc warrior is moderately wounded.
The wall freezes the orc warrior.
The orc warrior hits you with a +0 long sword!
* * * LOW HITPOINT WARNING * * *
The wall freezes the orc warrior.
The orc warrior hits you with a +0 long sword!
You die...

#............'....#...........
#............#....#...........
#.....########....#........[..
#.....#....<.....###'####.....
#.....#..........##....##...##
#.....#................######
#.....#.....##..........#
#.....#.....##o.........#
#.....#......@..........#
#.....#....<.....##....##
#.....#..........###'###
#.....#.....###+###....##..
#.....#.....##...##.........
#.....#.....+....'..........
#.....########...#..........
#......).....#...#.....#######
#............##'###....# ....


You could see an orc warrior.

Vanquished Creatures
  Sigmund (D:4)
  Edmund (D:4)
  An ice beast (D:6)
  A sky beast (D:6)
  A scorpion (D:4)
  A centaur zombie (D:5)
  5 hounds
  A jelly (D:4)
  Crazy Yiuf (D:5)
  An orc priest (D:4)
  A gnoll shaman (D:5)
  An iguana (D:5)
  4 orc wizards
  A hound skeleton (D:4)
  6 gnolls
  7 adders
  An adder skeleton (D:5)
  A worm (D:3)
  A dart slug (D:2)
  11 orcs
  4 ball pythons
  7 bats
  7 endoplasms
  4 giant cockroaches
  4 goblins
  6 hobgoblins
  5 jackals
  4 kobolds
  2 quokkas (D:4)
  2 frilled lizards (D:2)
  5 rats
98 creatures vanquished.

Vanquished Creatures (others)
  A fungus (D:5)
1 creature vanquished.

Grand Total: 99 creatures vanquished

Notes
Turn   | Place    | Note
-------+----------+-------------------------------------------
     0 | D:1      | LustLizard the Draconian Ice Elementalist began the quest
                  | for the Orb.
     0 | D:1      | Reached XP level 1. HP: 14/14 MP: 3/3
   670 | D:1      | Reached XP level 2. HP: 22/22 MP: 1/5
   750 | D:1      | Found a faded altar of an unknown god.
  1502 | D:2      | Reached skill level 1 in Fighting
  1502 | D:2      | Reached XP level 3. HP: 28/28 MP: 3/6
  1629 | D:2      | You fall into a shaft and drop 1 floor!
  1974 | D:3      | Reached XP level 4. HP: 17/35 MP: 1/7
  1979 | D:3      | Reached skill level 1 in Evocations
  3796 | D:4      | Reached XP level 5. HP: 40/40 MP: 5/8
  3934 | D:4      | Reached skill level 1 in Slings
  4124 | D:4      | Found Suzuhyem's Antique Weapon Boutique.
  4195 | D:4      | Reached skill level 5 in Ice Magic
  4345 | D:4      | Noticed Sigmund
  4353 | D:4      | Noticed Edmund
  4370 | D:4      | Killed Edmund
  4371 | D:4      | Reached XP level 6. HP: 39/48 MP: 1/10
  4836 | D:4      | Your scales start taking on a glossy black colour.
  4836 | D:4      | Reached XP level 7. HP: 55/55 MP: 11/11
  4836 | D:4      | Gained mutation: You are resistant to electric shocks.
                  | (rElec) [Black Draconian growth]
  4883 | D:5      | Entered Level 5 of the Dungeon
  4989 | D:5      | Found a staircase to the Ecumenical Temple.
  5115 | Temple   | Entered the Ecumenical Temple
  5366 | Temple   | Became a worshipper of Makhleb the Destroyer
  5490 | D:5      | Found a shadowy altar of Dithmenos.
  5640 | D:5      | Learned a level 3 spell: Frozen Ramparts
  5644 | D:5      | Learned a level 3 spell: Ozocubu's Armour
  6163 | D:5      | Found a runed translucent door.
  6164 | D:5      | Noticed Crazy Yiuf
  6174 | D:5      | Killed Crazy Yiuf
  6318 | D:4      | Killed Sigmund
  6325 | D:4      | Identified the +6 flail "Goblinslayer" {vorpal, rC+ Stlth+}
  6441 | D:6      | Reached skill level 1 in Maces & Flails
  6441 | D:6      | Reached skill level 6 in Ice Magic
  6689 | D:6      | Reached XP level 8. HP: 55/63 MP: 6/13
  7064 | D:6      | Mangled by an orc warrior

Illustrated notes

Levels and vault maps discovered:
D:1:      minmay_arrival_stair_chambers, layout_loops_ring,
          shapermc_ecumenical_altar_starsandcircs, hangedman_decor_slide_cut,
          roderic_st_hans_cross
D:2:      layout_loops_corners, hangedman_decor_lopped, minmay_heptomino_w4
D:3:      layout_loops_ring
D:4:      layout_basic, serial_shops, shop_fountains, grunt_decor_one_mirror,
          sigmund_edmund_badplayer
D:5:      layout_basic, nicolae_dithmenos_shadow_blocks, temple_doors_ab,
          kennysheep_cross_room, uniq_crazy_yiuf_cottage
D:6:      layout_gridville
Temple:   oiseaux_autumnal_temple

Skill      XL: |  1  2  3  4  5  6  7  8 |
---------------+-------------------------+-----
Stealth        | 2 3 4 |  4.0
Fighting       | 1 2 3 |  3.2
Evocations     | 1 2 3 4 |  4.1
Slings         | 1 2 |  2.9
Ice Magic      | 5 6 |  6.2
Spellcasting   | 3 |  3.5
Maces & Flails | 1 |  1.6
Dodging        | |  1.7

Action                   |  1- 3 |  4- 6 |  7- 9 || total
-------------------------+-------+-------+-------++-------
Melee: Unarmed           |    25 |       |       ||    25
       Tailslap          |     8 |       |     5 ||    13
       Short sword       |    43 |     1 |       ||    44
       Punch             |     1 |       |       ||     1
       Flail             |       |       |    29 ||    29
       Hunting sling     |       |       |     6 ||     6
 Fire: Hunting sling     |       |    90 |    44 ||   134
Throw: Stone             |     4 |       |     3 ||     7
 Cast: Freeze            |    41 |    55 |    42 ||   138
       Ozocubu's Armour  |       |       |     1 ||     1
       Frozen Ramparts   |       |       |     1 ||     1
 Abil: Breathe Lightning |       |       |     2 ||     2
  Use: Potion            |     1 |       |       ||     1
 Stab: Sleeping          |     4 |       |       ||     4
Armor: Skin              |    33 |    18 |    30 ||    81
Dodge: Dodged            |    50 |    34 |    69 ||   153
